 Dungeon Sprint DCSS version 0.27-a0-1193-g8631133539 (webtiles) character file.

Game seed: 10428611881249244492

422 rocky1 the Blocker (level 7, -8/59 HPs)
             Began as a Formicid Fighter on May 26, 2021.
             Was the Champion of Cheibriados.
             Mangled by a flayed ghost (11 damage)
             ... in the Dungeon (Sprint VII: "The Pits").
             The game lasted 00:03:50 (538 turns).

rocky1 the Blocker (Formicid Fighter)                Turns: 538, Time: 00:03:50

Health: -8/59      AC: 13    Str: 38    XL:     7   Next: 17%
Magic:  11/11      EV: 13    Int: 22    God:    Cheibriados [******]
Gold:   0          SH: 14    Dex: 25    Spells: 6/6 levels left

rFire    . . .     SeeInvis +   k - +0 long sword (flame)
rCold    . . .     Faith    .   c - +0 kite shield
rNeg     . . .     Spirit   .   a - +3 chain mail
rPois    .         Reflect  .   (helmet unavailable)
rElec    .         Harm     .   (no cloak)
rCorr    .         Rampage  .   (no gloves)
Will     .....                  (no boots)
Stlth    ..........             (no amulet)
HPRegen  0.19/turn              (no ring)
MPRegen  0.12/turn              (no ring)

@: flayed, very slow
A: permanent stasis, dig shafts and tunnels, antennae 3, four strong arms
a: Dig, Renounce Religion, Bend Time, Temporal Distortion, Slouch, Step From
Time


You were in the Dungeon.
You worshipped Cheibriados.
Cheibriados was exalted by your worship.
You visited 1 branch

Inventory:

Hand Weapons
 k - a +0 long sword of flaming (weapon)
Armour
 a - a +3 chain mail (worn)
 c - a +0 kite shield (worn)
Scrolls
 i - 5 scrolls of amnesia
 j - a scroll of summoning
Potions
 d - a potion of might
 e - 6 potions of curing
 f - 6 potions of heal wounds
 g - 4 potions of magic
 h - 2 potions of invisibility


   Skills:
 + Level 6.8 Fighting
 + Level 6.6 Long Blades
 + Level 6.9 Armour
 + Level 5.1 Dodging
 + Level 8.3 Shields
 + Level 6.5 Invocations


You had 6 spell levels left.
You didn't know any spells.
Your spell library was empty.

Dungeon Overview and Level Annotations

Branches:
Dungeon (1/1)

Altars:
Ashenzari
Cheibriados
Dithmenos
Elyvilon
Fedhas
Gozag
Hepliaklqana
Kikubaaqudgha
Makhleb
Nemelex Xobeh
Okawaru
Qazlal
Ru
Sif Muna
Trog
Uskayaw
Vehumet
Wu Jian
Xom
Yredelemnul
Zin
The Shining One
Beogh
Jiyva
Lugonu


Innate Abilities, Weirdness & Mutations

You cannot be hasted, slowed, berserked, paralysed or teleported.
You can dig through walls and to a lower floor.
You have a pair of large antennae on your head. (SInv)
Your four strong arms can wield two-handed weapons with a shield.


Message History

You slash the kobold! You burn the kobold.
You kill the kobold!
Cheibriados thoroughly appreciates the change of pace.
Cheibriados raises the support of your attributes as your movement slows.
Things that are here:
a +0 dagger; a bullfrog corpse
Things that are here:
a +0 dagger; a bullfrog corpse You start resting.
HP restored.
There is an open door here.
You open the door.
An endoplasm comes into view.
The endoplasm quivers.
The endoplasm jiggles.
You barely miss the endoplasm. You block the endoplasm's attack.
You hit the endoplasm. You burn the endoplasm.
You kill the endoplasm!
Cheibriados appreciates the change of pace.
There is an open door here.
You open the door.
A flayed ghost comes into view.
You slash the flayed ghost! You burn the flayed ghost.
The flayed ghost is moderately damaged.
The flayed ghost cries, "Feel what I felt!"
Terrible wounds open up all over your body!
You barely miss the flayed ghost.
The flayed ghost is moderately damaged.
The flayed ghost hits you!
You closely miss the flayed ghost.
The flayed ghost is moderately damaged.
The flayed ghost hits you!
* * * LOW HITPOINT WARNING * * *
You hit the flayed ghost. You burn the flayed ghost.
The flayed ghost is moderately damaged.
You block the flayed ghost's attack. The flayed ghost hits you!
* * * LOW HITPOINT WARNING * * *
You slash the flayed ghost! You burn the flayed ghost.
The flayed ghost is heavily damaged.
The flayed ghost hits you!
You die...

#.#........##.......#
#'###########.......#
{ #.......#{{
######### #...#...#{
#...#...#{ {
#.##.##.#+#
#...#...#.+ {
#...#...#W#
#.......'@# {
###########


You could see a flayed ghost.

Vanquished Creatures
  A flying skull (D)
  A floating eye (D)
  A bullfrog (D)
  A crimson imp (D)
  A hound (D)
  An adder (D)
  An ufetubus (D)
  2 bat zombies (D)
  3 endoplasms (D)
  6 jackals (D)
  A quokka (D)
  A kobold (D)
20 creatures vanquished.

Notes
Turn   | Place    | Note
-------+----------+-------------------------------------------
     0 | D        | rocky1 the Formicid Fighter began the quest for the Orb.
     0 | D        | Reached XP level 1. HP: 18/18 MP: 1/1
    16 | D        | Reached skill level 4 in Shields
    21 | D        | Found a bloodstained altar of Trog.
    21 | D        | Found a shimmering blue altar of Sif Muna.
    21 | D        | Found a viscous altar of Jiyva.
    21 | D        | Found a hazy altar of Hepliaklqana.
    21 | D        | Found an opulent altar of Gozag.
    22 | D        | Found a glowing golden altar of the Shining One.
    22 | D        | Found a glowing silver altar of Zin.
    22 | D        | Found a basalt altar of Yredelemnul.
    22 | D        | Found a shimmering altar of Xom.
    22 | D        | Found an ornate altar of the Wu Jian Council.
    22 | D        | Found a sacrificial altar of Ru.
    22 | D        | Found a stormy altar of Qazlal.
    22 | D        | Found an iron altar of Okawaru.
    22 | D        | Found a sparkling altar of Nemelex Xobeh.
    22 | D        | Found a burning altar of Makhleb.
    22 | D        | Found a blossoming altar of Fedhas.
    22 | D        | Found a white marble altar of Elyvilon.
    22 | D        | Found a shadowy altar of Dithmenos.
    22 | D        | Found a snail-covered altar of Cheibriados.
    26 | D        | Found a corrupted altar of Lugonu.
    26 | D        | Found a radiant altar of Vehumet.
    27 | D        | Found a broken altar of Ashenzari.
    27 | D        | Found an ancient bone altar of Kikubaaqudgha.
    27 | D        | Found a hide-covered altar of Uskayaw.
    33 | D        | Became a worshipper of Cheibriados the Contemplative
    73 | D        | Noticed a floating eye
    76 | D        | Reached * piety under Cheibriados
    91 | D        | Reached ** piety under Cheibriados
    93 | D        | Reached XP level 2. HP: 16/24 MP: 2/2
    94 | D        | Killed a floating eye
    95 | D        | Reached skill level 6 in Shields
    95 | D        | Reached XP level 3. HP: 22/32 MP: 2/5
    95 | D        | Reached XP level 4. HP: 27/38 MP: 2/6
    95 | D        | Reached XP level 5. HP: 30/43 MP: 2/7
   193 | D        | Reached *** piety under Cheibriados
   206 | D        | Reached **** piety under Cheibriados
   214 | D        | Reached skill level 5 in Fighting
   214 | D        | Reached skill level 5 in Long Blades
   214 | D        | Reached skill level 5 in Armour
   215 | D        | Reached ***** piety under Cheibriados
   382 | D        | Noticed a flying skull
   382 | D        | Noticed a bullfrog
   395 | D        | Killed a bullfrog
   396 | D        | Reached skill level 7 in Shields
   396 | D        | Reached skill level 5 in Invocations
   396 | D        | Reached XP level 6. HP: 45/52 MP: 9/9
   409 | D        | Killed a flying skull
   410 | D        | Reached skill level 5 in Dodging
   410 | D        | Reached skill level 8 in Shields
   410 | D        | Reached XP level 7. HP: 42/59 MP: 11/11
   414 | D        | Reached ****** piety under Cheibriados
   533 | D        | Noticed a flayed ghost
   538 | D        | Mangled by a flayed ghost

Illustrated notes

Levels and vault maps discovered:
D:        pitsprint [storerooms_1, entrance_room_1, metal_vault_7, armoury_1,
          mini_pit_1, grid_room_1, main_hall_1, silver_pit, the_coven_1,
          the_vestibule_1, steel_vault_3, golden_pit, hallway_of_sentries,
          crystal_vault_5, iron_vault_1, final_vault]

Skill      XL: |  1  2  3  4  5  6 |
---------------+-------------------+-----
Shields        | 4 6 7 8 |  8.3
Long Blades    | 3 4 5 6 |  6.6
Fighting       | 4 5 6 |  6.8
Armour         | 4 5 6 |  6.9
Dodging        | 2 3 5 |  5.1
Invocations    | 3 5 6 |  6.5

Action                   |  1- 3 |  4- 6 |  7- 9 || total
-------------------------+-------+-------+-------++-------
Melee: Long sword        |    26 |    40 |    12 ||    78
Armor: Scale mail        |    18 |     8 |       ||    26
       Chain mail        |       |     9 |     1 ||    10
Dodge: Dodged            |    17 |    19 |       ||    36
Block: Kite shield       |    25 |    36 |     3 ||    64
       Rpst.: Long sword |     9 |     7 |       ||    16

Table legend: (Time is in decaauts)
 A = Elapsed time spent in this place.
 B = Non-inter-level travel time spent in this place.
 C = Inter-level travel time spent in this place.
 D = Time resting spent in this place.
 E = Time spent auto-exploring this place.
 F = Levels seen in this place.
 G = Mean time per level.
                   A        B        C        D        E       F      G
               +--------+--------+--------+--------+--------+-----+--------+
         Total |    639 |    605 |     34 |    283 |      0 |   1 |  639.0 |
       Dungeon |    639 |    605 |     34 |    283 |      0 |   1 |  639.0 |
               +--------+--------+--------+--------+--------+-----+--------+

Top non-repeatable levels by time:
       D: 639 daAuts
